 Dungeon Crawl Stone Soup version 0.26.1-11-gd32895ea62 (webtiles) character file.

Game seed: 10724080440287912336

79 Zeld the Covert (level 4, -1/21 HPs)
             Began as a Felid Delver on June 12, 2021.
             Was an Initiate of Elyvilon.
             Slain by a centaur zombie (6 damage)
             ... in an ossuary.
             The game lasted 00:01:13 (296 turns).

Zeld the Covert (Felid Delver)                       Turns: 296, Time: 00:01:14

Health: -1/21      AC:  1    Str:  9    XL:     4   Next: 17%
Magic:  5/5        EV: 18    Int: 11    God:    Elyvilon [......]
Gold:   0          SH:  0    Dex: 18    Spells: 3/3 levels left
                                        Lives:  0   Deaths: 1

rFire    . . .     SeeInvis +     - Unarmed
rCold    . . .     Faith    .   (shield unavailable)
rNeg     . . .     Spirit   .   (armour unavailable)
rPois    .         Reflect  .   (helmet unavailable)
rElec    .         Harm     .   (cloak unavailable)
rCorr    .         Rampage  .   (gloves unavailable)
Will     .....                  (boots unavailable)
Stlth    +++++.....             (no amulet)
HPRegen  0.07/turn              (no ring)
MPRegen  0.09/turn              (no ring)

@: marked, quick
A: very small, no armour, no weapons or thrown items, stealth, claws 1, fangs 3,
see invisible, speed 1, shaggy fur 1, sharp paws
a: Renounce Religion


You were in an ossuary.
You worshipped Elyvilon.
Elyvilon was noncommittal.
You visited 2 branches of the dungeon, and saw 2 of its levels.
You also visited: Ossuary.

Inventory:

Wands
 e - a wand of digging (3)
Scrolls
 c - a scroll of fear
Potions
 d - a potion of haste


   Skills:
 + Level 3.5 Fighting
 + Level 3.1 Dodging
 + Level 8.9 Stealth
 + Level 2.6 Unarmed Combat


You had 3 spell levels left.
You didn't know any spells.
Your spell library was empty.

Dungeon Overview and Level Annotations

Branches:
Dungeon (5/15)             Temple (1/1) D:5         Ossuary (1/1)

Altars:
Ashenzari
Dithmenos
Elyvilon
Fedhas
Gozag
Hepliaklqana
Makhleb
Qazlal
Ru
Uskayaw
Vehumet
Xom


Innate Abilities, Weirdness & Mutations

You cannot wear armour.
You are incapable of wielding weapons or throwing items.
Your paws allow you to move quietly. (Stealth)
You have sharp claws.
You have razor-sharp teeth.
You have supernaturally acute eyesight. (SInv)
You cover ground quickly.
You are covered in fur. (AC +1)
Your sharp claws are effective at attacking unaware monsters.


Message History

The centaur zombie blinks! x2; The hobgoblin zombie blinks!
The big kobold zombie blinks!
You blink.
The centaur zombie barely misses you. The mummy misses you.
You scratch the centaur zombie.
The centaur zombie is lightly damaged.
The centaur zombie hits you! The centaur zombie hits you.
You are too injured to fight recklessly!
You are too injured to fight recklessly!
The centaur zombie barely misses you. The centaur zombie hits you.
You scratch the centaur zombie.
The centaur zombie is moderately damaged.
The centaur zombie hits you.
* * * LOW HITPOINT WARNING * * *
The centaur zombie misses you.
The centaur zombie completely misses you.
You scratch the centaur zombie.
The centaur zombie is heavily damaged.
The centaur zombie hits you.
You die...

#####
##...##
#.Z...#
#@ZMM.#
#ZZ...#
#Z....#
#..M..#
#.ZZ..#
#..∩..#
#.....#
#.^...#
##.....##


You could see 3 mummies, 2 hobgoblin zombies, a big kobold zombie and 4 centaur
zombies.

Vanquished Creatures
  Sigmund (D:5)
  A jackal zombie (D:5)
2 creatures vanquished.

Notes
Turn   | Place    | Note
-------+----------+-------------------------------------------
     0 | D:5      | Zeld the Felid Delver began the quest for the Orb.
     0 | D:5      | Reached XP level 1. HP: 10/10 MP: 2/2
     4 | D:5      | Found a staircase to the Ecumenical Temple.
    23 | Temple   | Entered the Ecumenical Temple
   107 | Temple   | Became a worshipper of Elyvilon the Healer
   150 | D:5      | Found a sand-covered staircase.
   171 | D:5      | Noticed Sigmund
   194 | D:5      | Killed Sigmund
   195 | D:5      | Reached skill level 8 in Stealth
   195 | D:5      | Reached XP level 2. HP: 14/14 MP: 3/3
   195 | D:5      | Reached XP level 3. HP: 17/17 MP: 4/4
   195 | D:5      | Reached XP level 4. HP: 21/21 MP: 5/5
   195 | D:5      | Reached XP level 5. HP: 24/24 MP: 6/6
   226 | Ossuary  | Entered an ossuary
   249 | Ossuary  | Slain by a centaur zombie
   250 | Ossuary  | Reached XP level 4. HP: 0/21 MP: 5/5
   296 | Ossuary  | Slain by a centaur zombie

Illustrated notes

Levels and vault maps discovered:
D:5:      layout_gridville, overflow_temple_1_default, minmay_temple_entry_mist,
          lightli_ossuary_entry_decrepit_ruins, uniq_sigmund
Temple:   nicolae_temple_hex_pool
Ossuary:  ossuary_the_hunt_dpeg

Skill      XL: |  1 |
---------------+----+-----
Dodging        | 3 |  3.1
Stealth        | 8 |  8.9
Fighting       | |  3.5
Unarmed Combat | |  2.6

Action                   |  1- 3 |  4- 6 || total
-------------------------+-------+-------++-------
Melee: Unarmed           |    13 |     9 ||    22
       Bite              |     1 |     1 ||     2
       Punch             |     1 |       ||     1
  Use: Scroll            |     1 |       ||     1
Dodge: Dodged            |    10 |    27 ||    37
